 Dungeon Crawl Stone Soup version 0.28.0-43-g3370ac3207 (webtiles) character file.

Game seed: 6792644223057645868

34 saw2855 the Skirmisher (level 3, -2/29 HPs)
             Began as a Demonspawn Berserker on Mar 13, 2022.
             Was a Follower of Trog.
             Slain by an adder (3 damage)
             ... on level 2 of the Dungeon.
             The game lasted 00:04:38 (1238 turns).

saw2855 the Skirmisher (Demonspawn Berserker)       Turns: 1238, Time: 00:04:39

Health: -2/29      AC:  8    Str: 19    XL:     3   Next: 14%
Magic:  3/3        EV:  7    Int:  8    God:    Trog [*.....]
Gold:   61         SH:  0    Dex: 12    Spells: 2/2 levels left

rFire   . . .      SeeInvis .   a - +0 hand axe
rCold   . . .      Faith    .   (no shield)
rNeg    . . .      Spirit   .   b - +0 chain mail
rPois   .          Reflect  .   (no helmet)
rElec   .          Harm     .   (no cloak)
rCorr   .          Rampage  .   (no gloves)
Will    .....                   (no boots)
Stlth   ..........              (no amulet)
HPRegen 0.09/turn               (no ring)
MPRegen 0.08/turn               (no ring)

@: lethally poisoned (-2 -> -8)
A: weakness stinger 1
a: Renounce Religion, Berserk


You were on level 2 of the Dungeon.
You worshipped Trog.
Trog was aware of your devotion.
You visited 1 branch of the dungeon, and saw 2 of its levels.

You collected 61 gold pieces.

Inventory:

Hand Weapons
 a - a +0 hand axe (weapon)
Armour
 b - a +0 chain mail (worn)
Scrolls
 g - a scroll of fear
 h - a scroll of fog
Potions
 d - a potion of attraction {unknown}
 e - a potion of lignification {unknown}
 f - a potion of magic {unknown}


   Skills:
 + Level 3.5 Fighting
 + Level 3.1 Axes
 + Level 2.0 Armour
 + Level 1.9 Dodging
 + Level 0.2 Stealth


You had 2 spell levels left.
You didn't know any spells.
Your spell library was empty.

Dungeon Overview and Level Annotations

Branches:
Dungeon (2/15)

Altars:


Innate Abilities, Weirdness & Mutations

You have a small tail.


Message History

You feel sick. The adder bites you but does no damage.
You miss the adder.
The adder is severely wounded.
You feel sick. The adder bites you but does no damage.
The adder barely misses you.
You miss the adder.
The adder is severely wounded.
You feel sick. The adder barely misses you. x2
You closely miss the adder.
The adder is severely wounded.
You feel sick.
You are no longer poisoned.
The adder bites you.
* * * LOW HITPOINT WARNING * * *
You closely miss the adder.
Your tail-slap misses the adder.
The adder is severely wounded.
The adder bites you but does no damage. The adder closely misses you.
You miss the adder.
The adder is severely wounded.
The adder barely misses you.
You miss the adder.
The adder is severely wounded.
The adder bites you but does no damage. x2
You hit the adder but do no damage. You tail-slap the adder.
The adder is almost dead.
The adder bites you but does no damage.
You miss the adder.
The adder is almost dead.
The adder bites you but does no damage. x2
You closely miss the adder.
The adder is almost dead.
The adder bites you.
* * * LOW HITPOINT WARNING * * *
You are lethally poisoned!
The adder poisons you!
You hit the adder.
The adder is almost dead.
* * * LOW HITPOINT WARNING * * *
You feel sick. The adder bites you.
You die...

#....###.
.........
.........
#........
#.....#..
#........
#<.....#.
#.#......
#@.......
#....S.......
#.#.#.###.#..
#.#.# # . #
#.# #.. ...
#.#


You could see an adder.

Vanquished Creatures
  2 dart slugs (D:1)
  4 ball pythons (D:1)
  4 endoplasms (D:1)
  A giant cockroach (D:1)
  A goblin (D:1)
  3 hobgoblins (D:1)
  2 jackals (D:1)
  3 kobolds (D:1)
  A bat (D:1)
  A frilled lizard (D:1)
  5 rats (D:1)
27 creatures vanquished.

Notes
Turn   | Place    | Note
-------+----------+-------------------------------------------
     0 | D:1      | saw2855 the Demonspawn Berserker began the quest for the
                  | Orb.
     0 | D:1      | Reached XP level 1. HP: 18/18 MP: 1/1
   226 | D:1      | Gained mutation: You have a small tail. [demonic ancestry]
   226 | D:1      | Reached XP level 2. HP: 24/24 MP: 2/2
   812 | D:1      | Reached XP level 3. HP: 29/29 MP: 3/3
  1238 | D:2      | HP: 1/29 [poisoned by an adder]
  1238 | D:2      | Slain by an adder

Illustrated notes

Levels and vault maps discovered:
D:1:      scummos_arrival_hexagon, layout_loops_corners, st_stairs_10
D:2:      layout_basic, shapermc_ecumenical_altar_notcrosses, uniq_robin

Skill      XL: |  1  2 |
---------------+-------+-----
Axes           | 3 |  3.1
Armour         | 2 |  2.0
Fighting       | |  3.5
Dodging        | |  1.9
Stealth        | |  0.2

Action                   || total
-------------------------++-------
Melee: Hand axe          ||   100
       Tailslap          ||     5
  Use: Scroll            ||     4
 Stab: Sleeping          ||     1
Armor: Animal skin       ||    23
       Chain mail        ||    14
       Ring mail         ||     1
Dodge: Dodged            ||    62
